 Dungeon Crawl Stone Soup version 0.28.0-53-g5a82cb258f (webtiles) character file.

Game seed: 14041689512025408051

140 GigaChad the Skirmisher (level 5, -1/47 HPs)
             Began as a Minotaur Fighter on Aug 22, 2022.
             Slain by Sigmund
             ... wielding a +0 scythe
              (6 damage)
             ... on level 2 of the Dungeon.
             The game lasted 00:02:36 (984 turns).

GigaChad the Skirmisher (Minotaur Fighter)           Turns: 984, Time: 00:02:37

Health: -1/47      AC:  7    Str: 22    XL:     5   Next: 2%
Magic:  4/4        EV:  9    Int:  5    God:
Gold:   53         SH:  4    Dex: 10    Spells: 4/4 levels left

rFire   . . .      SeeInvis .   a - +0 long sword
rCold   . . .      Faith    .   c - +0 buckler
rNeg    . . .      Spirit   .   b - +0 scale mail
rPois   .          Reflect  .   (helmet restricted)
rElec   .          Harm     .   (no cloak)
rCorr   .          Rampage  .   (no gloves)
Will    .....                   (no boots)
Stlth   ..........              (no amulet)
HPRegen 0.15/turn               (no ring)
MPRegen 0.09/turn               (no ring)

@: no status effects
A: horns 2, retaliatory headbutt
a: no special abilities


You were on level 2 of the Dungeon.
You visited 1 branch of the dungeon, and saw 2 of its levels.

You collected 53 gold pieces.

Inventory:

Hand Weapons
 a - a +0 long sword (weapon)
Missiles
 g - 6 poisoned darts (quivered)
Armour
 b - a +0 scale mail (worn)
 c - a +0 buckler (worn)
Scrolls
 f - 2 scrolls of identify {unknown}
 h - a scroll of fog {unknown}
 j - a scroll of teleportation {unknown}
Potions
 d - a potion of might
 e - a potion of ambrosia {unknown}
 i - a potion of attraction {unknown}
 k - a potion of flight {unknown}
 l - a potion of degeneration {unknown}


   Skills:
 + Level 4.4 Fighting
 + Level 4.4 Long Blades
 + Level 4.4 Armour
 + Level 0.9 Dodging
 + Level 4.2 Shields


You had 4 spell levels left.
You didn't know any spells.
Your spell library contained the following spells:

 Spells                   Type           Power      Damage    Failure   Level
 Ozocubu's Armour         Ice            0%         N/A       99%         3
 Ozocubu's Refrigeration  Ice            0%         4d5       100%        7


Dungeon Overview and Level Annotations

Branches:
Dungeon (2/15)

Altars:

Annotations:
D:2 Sigmund


Innate Abilities, Weirdness & Mutations

You have a pair of horns on your head.
You reflexively headbutt those who attack you in melee.


Message History

Items here: ) [ ††.
You start resting.
Natasha, Servant of Life and Death comes into view.
Natasha is nearby!
Natasha hisses angrily.
You hear a shout!
Natasha casts a spell.
Sigmund the Dreaded comes into view.
He is wielding a +0 scythe.
You slash Natasha!
Natasha is heavily wounded.
Sigmund mumbles some strange words.
Sigmund flickers and vanishes!
Deactivating autopickup; reactivate with Ctrl-A.
Natasha closely misses you.
You hit Natasha.
Natasha is almost dead.
Natasha casts a spell.
The white imp gestures at you. The puff of frost hits you.
You slash Natasha!
You kill Natasha!
Natasha screams in fury as she dies!
The white imp disappears in a puff of smoke!
The iron imp disappears in a puff of smoke!
You have reached level 5!
A puff of flame appears from out of thin air!
The puff of flame misses you.
Items here: ) [ ††.
Something hits you but does no damage. Something hits you.
You closely miss something. Your headbutt misses something. You miss something.
Something hits you.
You miss something. You headbutt something. Something hits you.
You slash something! Something hits you.
* * * LOW HITPOINT WARNING * * *
You closely miss something. Your headbutt misses something. Something hits you.
* * * LOW HITPOINT WARNING * * *
You slash something! Something hits you.
* * * LOW HITPOINT WARNING * * *
You hit something. You miss something. Something hits you.
You die...

#..†.....†.....#####.##.#
#...######..##..## #.##.#
#...## ###........##....#
#.#..###....##..#..#..###
####...#.#####..##.####
#######†#.# ##......
..)....†#.# #.#.....
.......†#†#####........
........†..).@{†#
.....<.....######
...........# ...........#
........>..# ........####
........# ........#
#######


There were no monsters in sight!

Vanquished Creatures
  A howler monkey (D:2)
  Natasha (twice) (D:2)
  2 adders (D:2)
  A worm (D:2)
  2 dart slugs (D:1)
  A bat (D:2)
  3 endoplasms (D:2)
  2 goblins
  3 hobgoblins
  2 jackals (D:2)
  3 quokkas
  2 ball pythons
  3 kobolds (D:1)
  6 rats
33 creatures vanquished.

Vanquished Creatures (others)
  A fungus (D:1)
1 creature vanquished.

Grand Total: 34 creatures vanquished

Notes
Turn   | Place    | Note
-------+----------+-------------------------------------------
     0 | D:1      | GigaChad the Minotaur Fighter began the quest for the Orb.
     0 | D:1      | Reached XP level 1. HP: 19/19 MP: 0/0
   383 | D:1      | Reached XP level 2. HP: 27/27 MP: 1/1
   608 | D:1      | Found a faded altar of an unknown god.
   779 | D:2      | Reached XP level 3. HP: 31/33 MP: 2/2
   802 | D:2      | Noticed Natasha
   807 | D:2      | Reached XP level 4. HP: 27/41 MP: 3/3
   816 | D:2      | Killed Natasha
   965 | D:2      | Noticed Natasha
   968 | D:2      | Noticed Sigmund
   971 | D:2      | Killed Natasha
   972 | D:2      | Reached XP level 5. HP: 31/47 MP: 4/4
   984 | D:2      | Slain by Sigmund

Illustrated notes

Levels and vault maps discovered:
D:1:      psy_arrival_whirlpool, layout_loops_ring,
          shapermc_ecumenical_altar_mp_urbaneastern, minmay_tromino_v2
D:2:      layout_rooms, serial_shops,
          nicolae_shop_temple_entry_statues_fountains, uniq_natasha, uniq_robin,
          uniq_sigmund

Skill      XL: |  1  2  3  4 |
---------------+-------------+-----
Armour         | 4 |  4.4
Fighting       | 4 |  4.4
Shields        | 4 |  4.2
Long Blades    | 3 4 |  4.4
Dodging        | |  0.9

Action                   |  1- 3 |  4- 6 || total
-------------------------+-------+-------++-------
Melee: Long sword        |    48 |    31 ||    79
       Headbutt          |     3 |     3 ||     6
Armor: Scale mail        |    29 |    10 ||    39
Dodge: Dodged            |    24 |    15 ||    39
Block: Buckler           |    11 |     4 ||    15
